 Dungeon Crawl Stone Soup version 0.31-a0-1405-g2bb1a01664 (webtiles) character file.

Game seed: 3546236206118463378

27 Aldia the Trooper (level 3, -6/37 HPs)
             Began as an Oni Warper on Dec 26, 2023.
             Mangled by a worm (9 damage)
             ... on level 2 of the Dungeon.
             The game lasted 00:02:00 (802 turns).

Aldia the Trooper (Oni Warper)                       Turns: 802, Time: 00:02:01

Health: -6/37      AC:  3    Str: 17    XL:     3   Next: 10%
Magic:  6/6        EV:  9    Int: 14    God:
Gold:   40         SH:  0    Dex:  8    Spells: 5/7 levels left

rFire   . . .        a - +1 mace
rCold   . . .        (no shield)
rNeg    . . .        b - +0 robe
rPois   .            (helmet currently unavailable)
rElec   .            (cloak currently unavailable)
rCorr   .            (gloves unavailable)
SInv    .            (boots unavailable)
Will    .....        (no amulet)
Stlth   +            (no ring)
HPRegen 0.26/turn    (no ring)
MPRegen 0.10/turn

%: no passive effects
@: beast-form
A: beast (slay +0), large, unfitting armour, horns 1, tough skin 1, double
potion healing, drunken brawling
a: Begin Untransformation


You were on level 2 of the Dungeon.
You were a hulking beast.
You visited 1 branch of the dungeon, and saw 2 of its levels.

You collected 40 gold pieces.

Inventory:

Hand Weapons
 a - a +1 mace (weapon)
Missiles
 d - 7 darts of dispersal (quivered)
Armour
 b - a +0 robe (worn)
Jewellery
 k - an amulet of the acrobat
Talismans
 g - a beast talisman (active)
Scrolls
 c - a scroll of blinking
 e - 2 scrolls of enchant weapon
 f - a scroll of revelation {unknown}
 i - a scroll of poison {unknown}
 l - a scroll of identify
 m - a scroll of brand weapon {unknown}
Potions
 h - 2 potions of resistance
 j - a potion of attraction


   Skills:
 + Level 3.2 Fighting
 * Level 2.8 Maces & Flails
 - Level 1.0 Throwing
 - Level 2.1 Dodging
 - Level 2.5 Spellcasting
 + Level 3.0 Translocations


You had 5 spell levels left.
You knew the following spells:

 Your Spells              Type           Power      Damage    Failure   Level
a - Blink                 Tloc           20%        N/A       10%         2

Your spell library contained the following spells:

 Spells                   Type           Power      Damage    Failure   Level
 Lesser Beckoning         Tloc           20%        N/A       10%         2
 Teleport Other           Tloc           10%        N/A       21%         3
 Magic Dart               Conj           4%         1d3       22%         1
 Call Imp                 Summ           2%         N/A       34%         2
 Manifold Assault         Tloc           10%        N/A       54%         4
 Vhi's Electric Charge    Tloc/Air       10%        N/A       77%         4


Dungeon Overview and Level Annotations

Branches:
Dungeon (2/15)

Altars:
Cheibriados

Annotations:
D:2 Sigmund


Innate Abilities, Weirdness & Mutations

You are a hulking beast.
Your limbs bulge with bestial killing power. (Slay +0)
You are too large for most types of armour.
You have a pair of small horns on your head.
You have tough skin. (AC +1)
You gain doubled healing and magic from potions.
Whenever you drink a healing potion, you attack all around you.


Message History

You sock the hobgoblin!
You kill the hobgoblin!
No target in view!
No target in view!
You now have 40 gold pieces (gained 7).
m - a scroll labelled CUWNE GOUMOU A worm comes into view.
The worm moves out of view.
A worm is nearby!
A worm comes into view.
The worm bites you.
You hit the worm.
The worm is lightly wounded.
The worm misses you.
You hit the worm.
The worm is moderately wounded.
You hit the worm. Your headbutt misses the worm.
The worm is moderately wounded.
The worm bites you.
You hit the worm.
The worm is heavily wounded.
The worm bites you! The worm barely misses you.
You hit the worm.
The worm is heavily wounded.
The worm bites you. x2
You are too injured to fight recklessly!
You are too injured to fight recklessly!
You are too injured to fight recklessly!
You are too injured to fight recklessly!
You hit the worm. You headbutt the worm.
The worm is severely wounded.
The worm bites you.
You hit the worm.
The worm is almost dead.
The worm bites you!
* * * LOW HITPOINT WARNING * * *
You hit the worm but do no damage.
The worm is almost dead.
The worm bites you!
You die...

###.......## ............## .
##.###........# .. ...
.........## #. ..# ##....##.###
#. ..## ##......... #..####...
....###.### #....#w######.
###.###
###############wh.....##[.#......
............................#.##.
.################.#####.......<..
.## .# #......#... ..# .# #
#.####..... #.# .# #.. #...##..
#.## ## #. #...#.##.. #..##
#.##.###..... ....## ##...
##...#.


You could see 2 worms.

Vanquished Creatures
  A worm (D:2)
  A dart slug (D:1)
  4 ball pythons
  2 endoplasms (D:1)
  2 goblins (D:1)
  2 hobgoblins
  2 jackals (D:2)
  A bat (D:1)
  A frilled lizard (D:1)
  2 kobolds (D:1)
  3 rats (D:1)
21 creatures vanquished.

Notes
Turn   | Place    | Note
-------+----------+-------------------------------------------
     0 | D:1      | Aldia the Oni Warper began the quest for the Orb.
     0 | D:1      | Reached XP level 1. HP: 22/22 MP: 3/3
   136 | D:1      | Reached XP level 2. HP: 29/29 MP: 3/5
   152 | D:1      | Learned a level 2 spell: Blink
   612 | D:2      | Noticed Sigmund
   662 | D:2      | Reached XP level 3. HP: 33/37 MP: 6/6
   710 | D:2      | Found a snail-covered altar of Cheibriados.
   802 | D:2      | Mangled by a worm

Illustrated notes

Levels and vault maps discovered:
D:1:      shiori_shiawase, layout_rooms
D:2:      layout_rooms, basic_altar, uniq_sigmund

Skill      XL: |  1  2  3 |
---------------+----------+-----
Fighting       | 3 |  3.2
Translocations | 3 |  3.0
Maces & Flails | |  2.8
Throwing       | |  1.0
Dodging        | |  2.1
Spellcasting   | |  2.5

Action                     || total
---------------------------++-------
  Melee: Mace              ||    69
         Headbutt          ||     5
         Punch             ||     1
    Use: Scroll            ||     3
 Armour: Robe              ||    41
  Dodge: Dodged            ||    35
   Form: Beast             ||     1

Table legend: (Time is in decaauts)
 A = Elapsed time spent in this place.
 B = Non-inter-level travel time spent in this place.
 C = Inter-level travel time spent in this place.
 D = Time resting spent in this place.
 E = Time spent auto-exploring this place.
 F = Levels seen in this place.
 G = Mean time per level.
                   A        B        C        D        E       F      G
               +--------+--------+--------+--------+--------+-----+--------+
         Total |    820 |    778 |     42 |      0 |    573 |   2 |  410.0 |
       Dungeon |    820 |    778 |     42 |      0 |    573 |   2 |  410.0 |
               +--------+--------+--------+--------+--------+-----+--------+

Top non-repeatable levels by time:
     D:1: 526 daAuts
     D:2: 294 daAuts
